 Dungeon Crawl Stone Soup version 0.19.1-1-g22dce08 (webtiles) character file.

0 Gargoyl the Skirmisher (level 1, -1/19 HPs)
             Began as a Ghoul Abyssal Knight on Dec 28, 2016.
             Was a Follower of Lugonu.
             Slain by a sixfirhy (14 damage)
             ... summoned by a glowing orange brain
             ... on level 2 of the Abyss.
             The game lasted 00:00:36 (176 turns).

Gargoyl the Skirmisher (Ghoul Abyssal Knight)        Turns: 176, Time: 00:00:37

Health: -1/19      AC:  3    Str: 15    XL:     1   Next: 0%
Magic:  1/1        EV: 11    Int:  7    God:    Lugonu [*.....]
Gold:   37         SH:  0    Dex:  8    Spells: 0 memorised, 0 levels left

rFire  . . .     SeeInvis .     a - +1 hand axe
rCold  + . .     Gourm    .     b - +0 leather armour
rNeg   + + +     Faith    .     (no shield)
rPois  ∞         Spirit   .     (no helmet)
rElec  .         Reflect  .     (no cloak)
rCorr  .         Harm     .     (no gloves)
MR     .....                    (no boots)
Stlth  +.........               (no amulet)
                                (no ring)
                                (no ring)

@: rotting
A: rotting body, claws 1, carnivore 3, cold resistance 1, negative energy
resistance 3, slow regeneration 1, torment resistance, unbreathing
a: Depart the Abyss, Renounce Religion


You were on level 2 of the Abyss.
You worshipped Lugonu.
Lugonu was aware of your devotion.
You were not hungry.

You visited 0 branches of the dungeon, and saw 0 of its levels.
You visited the Abyss 1 time.

You collected 37 gold pieces.

Inventory:

Hand Weapons
 a - a +1 hand axe (weapon)
Missiles
 f - 5 steel tomahawks (quivered)
Armour
 b - a +0 leather armour (worn)
Wands
 e - a wand of iceblast (5/15)
Potions
 d - a potion of heal wounds {unknown}
Comestibles
 c - a meat ration


   Skills:
 + Level 3.2 Fighting
 + Level 1.7 Axes
 + Level 1.7 Armour
 + Level 0.8 Dodging
 + Level 2.0 Invocations


You couldn't memorise any spells.
You didn't know any spells.

Dungeon Overview and Level Annotations

Branches:
Dungeon (0/15)

Altars:


Innate Abilities, Weirdness & Mutations

Your body is rotting away.
You thrive on raw meat.
You are immune to poison.
You have sharp fingernails.
You are carnivorous and can eat meat at any time.
Your flesh is cold resistant. (rC+)
You are immune to negative energy. (rN+++)
You regenerate slowly when monsters are visible.
You are immune to unholy pain and torment.
You can survive without breathing.


Message History

2 starspawn tentacles come into view.
The starspawn tentacle grabs you. The starspawn tentacle constricts you.
You escape the starspawn tentacle's grasp.
A white imp comes into view.
The white imp shouts!
Found a scroll labeled HIOFAM SUINE.
The white imp gestures at you. The puff of frost hits you! You resist.
A glowing orange brain comes into view.
The glowing orange brain turns its gaze towards you.
The glowing orange brain pulsates.
A tentacle flies out from the starspawn's body!
The glowing orange brain looks sick.
A starspawn tentacle comes into view.
Unknown command.
You hit the glowing orange brain.
The glowing orange brain is lightly wounded.
You barely miss the lich. You miss the sixfirhy. The sixfirhy hits you!
Ouch! That really hurt!
You die...

##... ....#.##
#......#.# .#.
.# ...
...W###.##.
#§..
..Xw...?...
##5§.#......#.#
##..5.##.. #..
####..##.#
#.....#.....#
........L@.#.#
#........G3.#.#
...##..x..#.#
#. #.#.#.## # .
#... .. ....
... ..#.. ..#
.. #.# .#.


You could see a tentacled starspawn, a lich, an eidolon, a glowing orange brain,
an ancient zyme, a sixfirhy, a starspawn tentacle and a white imp.

Vanquished Creatures (others)
  6 starspawn tentacles (Abyss:2)
6 creatures vanquished.

Notes
Turn   | Place    | Note
-------+----------+-------------------------------------------
     0 | Abyss:1  | Gargoyl the Ghoul Abyssal Knight began the quest for the Orb.
     0 | Abyss:1  | Reached XP level 1. HP: 19/19 MP: 1/1
   126 | Abyss:2  | Noticed a tentacled starspawn
   153 | Abyss:2  | Noticed an eidolon
   160 | Abyss:2  | Noticed a large abomination
   171 | Abyss:2  | Noticed a quasit
   172 | Abyss:2  | Noticed a glowing orange brain
   175 | Abyss:2  | Noticed a sixfirhy
   175 | Abyss:2  | Noticed an ancient zyme
   175 | Abyss:2  | Noticed a lich
   176 | Abyss:2  | Slain by a sixfirhy

Action                   || total
-------------------------++-------
Melee: Hand axe          ||     1
